 Dungeon Crawl Stone Soup version 0.29-a0-834-g1e95ca9f62 (webtiles) character file.

Game seed: 2839569139754408136

65 scionoferis the Grasshopper (level 4, -1/39 HPs)
             Began as a Naga Warper on July 13, 2022.
             Slain by a water moccasin (2 damage)
             ... on level 3 of the Dungeon.
             The game lasted 00:08:46 (3172 turns).

scionoferis the Grasshopper (Naga Warper)           Turns: 3172, Time: 00:08:46

Health: -1/39      AC:  4    Str: 14    XL:     4   Next: 14%
Magic:  6/7        EV:  9    Int: 15    God:
Gold:   126        SH:  0    Dex: 10    Spells: 3/8 levels left

rFire   . . .      SeeInvis +   a - +2 dagger (flame)
rCold   . . .      Faith    .   (no shield)
rNeg    . . .      Spirit   .   m - +0 leather armour
rPois   +          Reflect  .   j - +0 helmet
rElec   .          Harm     .   (no cloak)
rCorr   .          Rampage  .   (no gloves)
Will    .....                   (no barding)
Stlth   +.........              (no amulet)
HPRegen 0.13/turn               (no ring)
MPRegen 0.10/turn               (no ring)

@: very slow
A: AC +1, large, see invisible, deformed body, poison resistance, slowness 2,
spit poison 1, naga tail 1
a: Spit Poison


You were on level 3 of the Dungeon.
You visited 1 branch of the dungeon, and saw 3 of its levels.

You collected 126 gold pieces.

Inventory:

Hand Weapons
 a - a +2 dagger of flaming (weapon)
 b - a +0 sling
 g - a +0 dagger
 p - a +0 rapier
Missiles
 d - 5 boomerangs of dispersal (quivered)
Armour
 j - a +0 helmet (worn)
 m - a +0 leather armour (worn)
Scrolls
 c - a scroll of blinking
 e - a scroll of noise {unknown}
 h - a scroll of teleportation
 i - 2 scrolls of identify {unknown}
 k - 2 scrolls of vulnerability {unknown}
 l - a scroll of immolation {unknown}
 n - a scroll of amnesia {unknown}
 o - a scroll of enchant armour {unknown}
Potions
 f - 2 potions of curing


   Skills:
 - Level 2.0 Fighting
 * Level 3.0 Short Blades
 - Level 0.8 Throwing
 + Level 1.4 Armour
 - Level 1.5 Dodging
 + Level 2.5 Spellcasting
 + Level 0.0 Conjurations
 + Level 3.4 Translocations
 + Level 0.0 Earth Magic


You had 3 spell levels left.
You knew the following spells:

 Your Spells              Type           Power      Damage    Failure   Level
a - Blink                 Tloc           24%        N/A       10%         2
b - Stone Arrow           Conj/Erth      2%         3d7       61%         3

Your spell library contained the following spells:

 Spells                   Type           Power      Damage    Failure   Level
 Gell's Gravitas          Tloc           12%        N/A       19%         3
 Lesser Beckoning         Tloc           12%        N/A       19%         3
 Teleport Other           Tloc           12%        N/A       19%         3
 Static Discharge         Conj/Air       1%         3-4/arc   36%         2
 Manifold Assault         Tloc           12%        N/A       87%         5
 Animate Armour           Summ/Erth      2%         N/A       95%         4
 Dispel Undead            Necr           1%         3d6       95%         4
 Sticky Flame             Conj/Fire      1%         2d3       95%         4
 Lehudib's Crystal Spear  Conj/Erth      0%         10d2      100%        8


Dungeon Overview and Level Annotations

Branches:
Dungeon (3/15)

Altars:


Innate Abilities, Weirdness & Mutations

Your serpentine skin is tough. (AC +1)
You have supernaturally acute eyesight. (SInv)
Armour fits poorly on your strangely shaped body.
Your system is resistant to poisons. (rPois)
You cover ground very slowly.
You can spit poison.
You have a snake-like lower body.


Message History

The water moccasin closely misses you.
You barely miss the water moccasin.
The water moccasin is heavily wounded.
The water moccasin bites you.
You hit the water moccasin but do no damage.
The water moccasin is heavily wounded.
The water moccasin closely misses you.
You miss the water moccasin.
The water moccasin is heavily wounded.
The water moccasin bites you but does no damage.
The water moccasin misses you.
You barely miss the water moccasin.
The water moccasin is heavily wounded.
The water moccasin barely misses you.
You hit the water moccasin. You burn the water moccasin.
The water moccasin is heavily wounded.
The water moccasin bites you but does no damage.
You closely miss the water moccasin.
The water moccasin is heavily wounded.
The water moccasin bites you!
You closely miss the water moccasin.
The water moccasin is heavily wounded.
The water moccasin bites you but does no damage.
The water moccasin bites you.
* * * LOW HITPOINT WARNING * * *
You hit the water moccasin but do no damage.
The water moccasin is heavily wounded.
The water moccasin barely misses you.
You hit the water moccasin. You burn the water moccasin.
The water moccasin is severely wounded.
The water moccasin barely misses you.
You hit the water moccasin. You burn the water moccasin.
The water moccasin is severely wounded.
The water moccasin bites you.
* * * LOW HITPOINT WARNING * * *
You miss the water moccasin.
The water moccasin is severely wounded.
The water moccasin bites you but does no damage.
The water moccasin bites you.
You die...

.. .#
############..#
..............#
######..S#..^# #
#....S#..$# ...
#<#...#.....
###..####.#..###+
.......@SS#..#
#####.######..#
.. ..+ ##


You could see a water moccasin and an adder.

Vanquished Creatures
  An adder (D:2)
  A worm (D:2)
  A dart slug (D:2)
  A ball python (D:2)
  8 bats
  An endoplasm (D:2)
  4 giant cockroaches
  6 hobgoblins
  A jackal (D:2)
  A quokka (D:2)
  2 frilled lizards
  10 goblins
  6 kobolds
  5 rats (D:2)
48 creatures vanquished.

Notes
Turn   | Place    | Note
-------+----------+-------------------------------------------
     0 | D:1      | scionoferis the Naga Warper began the quest for the Orb.
     0 | D:1      | Reached XP level 1. HP: 19/19 MP: 3/3
   334 | D:1      | Reached skill level 1 in Armour
   334 | D:1      | Reached XP level 2. HP: 12/26 MP: 5/5
   951 | D:1      | Found a faded altar of an unknown god.
  1177 | D:2      | Learned a level 2 spell: Blink
  1265 | D:2      | Reached XP level 3. HP: 27/32 MP: 6/6
  2967 | D:2      | Reached XP level 4. HP: 30/39 MP: 7/7
  2971 | D:2      | Learned a level 3 spell: Stone Arrow
  3151 | D:3      | Noticed a water moccasin
  3171 | D:3      | HP: 1/39 [water moccasin (6)]
  3172 | D:3      | Slain by a water moccasin

Illustrated notes

Levels and vault maps discovered:
D:1:      lemuel_arrival_hallway, layout_basic, basic_ecumenical_altar
D:2:      cheibrodos_greedy_goblins, layout_loops_ring, hangedman_glass_teeth,
          hex_tiny, minmay_joined_circles
D:3:      layout_basic, kennysheep_slug_shrine, mainiacjoe_overflow_24_doors,
          nicolae_vehumet_altar_sigil, gammafunk_ghost_stat_death

Skill      XL: |  1  2  3 |
---------------+----------+-----
Armour         | 1 |  1.4
Short Blades   | 3 |  3.0
Fighting       | |  2.0
Throwing       | |  0.8
Dodging        | |  1.5
Spellcasting   | |  2.5
Translocations | |  3.4

Action                   |  1- 3 |  4- 6 || total
-------------------------+-------+-------++-------
Melee: Short sword       |    81 |       ||    81
       Punch             |     2 |       ||     2
       Rapier            |    97 |       ||    97
       Dagger            |    12 |    22 ||    34
 Fire: Sling             |    36 |       ||    36
Throw: Boomerang         |       |     2 ||     2
 Cast: Blink             |     1 |     1 ||     2
  Use: Potion            |     2 |       ||     2
       Scroll            |     1 |       ||     1
Armor: Leather armour    |    78 |     8 ||    86
Dodge: Dodged            |   108 |     7 ||   115

Table legend: (Time is in decaauts)
 A = Elapsed time spent in this place.
 B = Non-inter-level travel time spent in this place.
 C = Inter-level travel time spent in this place.
 D = Time resting spent in this place.
 E = Time spent auto-exploring this place.
 F = Levels seen in this place.
 G = Mean time per level.
                   A        B        C        D        E       F      G
               +--------+--------+--------+--------+--------+-----+--------+
         Total |   3717 |   3617 |    100 |    637 |   2366 |   3 | 1239.0 |
       Dungeon |   3717 |   3617 |    100 |    637 |   2366 |   3 | 1239.0 |
               +--------+--------+--------+--------+--------+-----+--------+

Top non-repeatable levels by time:
     D:2: 2476 daAuts
     D:1: 1184 daAuts
     D:3: 56 daAuts
